 Dungeon Crawl Stone Soup version 0.21-a0-229-g3587535 (webtiles) character file.

25351 Leszczynek the Grappler (level 12, -11/124 HPs)
             Began as a Troll Skald on Sept 1, 2017.
             Was an Elder of the Shining One.
             Mangled by a slime creature (16 damage)
             ... on level 14 of the Dungeon.
             The game lasted 00:46:33 (7040 turns).

Leszczynek the Grappler (Troll Skald)               Turns: 7040, Time: 00:46:34

Health: -11/124    AC: 12    Str: 20    XL:     12   Next: 88%
Magic:  25/25      EV: 10    Int: 12    God:    the Shining One [****..]
Gold:   548        SH:  9    Dex: 10    Spells: 7/13 levels left

rFire    . . .     SeeInvis .     - Unarmed
rCold    + . .     Gourm    +   R - +0 shield
rNeg     + + .     Faith    .   C - +2 troll leather armour
rPois    .         Spirit   .   (helmet restricted)
rElec    .         Reflect  .   a - +2 cloak
rCorr    .         Harm     .   (gloves unavailable)
MR       .....     Clarity  +   (boots unavailable)
Stlth    +.........             (no amulet)
HPRegen  1.10/turn              j - ring of magical power
MPRegen  0.19/turn              D - ring of protection from cold

@: lethally poisoned (-11 -> -11), glowing
A: unfitting armour, claws 3, hooves 1, molten scales 1, blurry vision 1,
clarity, deformed body, fast metabolism 3, gourmand, regeneration 1, shaggy fur
1, tough skin 2, weak 1, wild magic 1
a: Divine Shield, Cleansing Flame, Renounce Religion


You were on level 14 of the Dungeon.
You worshipped the Shining One.
The Shining One was greatly pleased with you.
You were very full.

You visited 4 branches of the dungeon, and saw 22 of its levels.
You visited 1 bazaar.
You also visited: Ossuary.

You collected 697 gold pieces.
You spent 149 gold pieces at shops.

Inventory:

Hand Weapons
 J - a +3 dire flail
Missiles
 c - 98 bolts
 v - 3 javelins
 B - a throwing net
 I - 10 large rocks (quivered)
Armour
 a - a +2 cloak (worn)
 C - a +2 troll leather armour (worn)
 R - a +0 shield (worn)
 S - the +2 robe "Iwuigicid" {*Drain +Blink rElec rN+}
   (You found it on level 3 of the Lair of Beasts)

   It insulates you from electricity.
   It protects you from negative energy.
   It lets you blink.
   It causes draining when unequipped.
Jewellery
 j - a ring of magical power (left claw)
 x - an uncursed ring of fire
 D - a ring of protection from cold (right claw)
Wands
 b - a wand of acid (0/15)
 e - a wand of flame (39/48)
 p - a wand of lightning (3/15)
 z - a wand of disintegration (7/24)
 K - a wand of enslavement (15/24)
Scrolls
 g - 2 scrolls of remove curse {@r2}
 m - 2 scrolls of immolation {!r}
 n - 4 scrolls of teleportation
 o - 4 scrolls of enchant weapon
 t - a scroll of recharging {unknown}
 u - a scroll of fog {unknown}
 E - 2 scrolls of silence {!r}
 G - a scroll of acquirement {unknown}
 H - a scroll of brand weapon {unknown}
 O - a scroll of blinking
 P - a scroll of vulnerability {!r}
Potions
 i - 2 potions of curing {@q1}
 k - a potion of haste
 l - a potion of ambrosia
 r - 6 potions of brilliance
 s - 3 potions of heal wounds {@q2}
 A - 2 potions of flight
 F - a potion of cancellation
 N - 2 potions of lignification {!q}
Comestibles
 d - 9 bread rations
 f - 2 royal jellies
 h - 16 fruits
 w - 7 meat rations


   Skills:
 - Level 9.4 Fighting
 + Level 6.0 Throwing
 - Level 7.0 Dodging
 * Level 4.3 Shields
 - Level 13.0 Unarmed Combat
 - Level 1.2 Spellcasting
 - Level 2.0 Charms
 - Level 7.0 Invocations


You had 7 spell levels left.
You knew the following spells:

 Your Spells              Type           Power        Failure   Level  Hunger
b - Shroud of Golubria    Chrm/Tloc      #.........   75%         2    ###....
c - Song of Slaying       Chrm           #.......     63%         2    ###....
B - Blink                 Tloc           N/A          87%         2    ###....


Dungeon Overview and Level Annotations

Branches:
Dungeon (14/15)            Temple (1/1) D:7            Lair (6/6) D:8
 Spider (0/4) Lair:4          Orc (1/2) D:9
  Swamp: Lair:2-4    Shoals: Lair:2-4     Slime: Lair:5-6    Vaults: D:13-14

Altars:
Ashenzari
Cheibriados
Dithmenos
Elyvilon
Fedhas
Gozag
Hepliaklqana
Kikubaaqudgha
Makhleb
Nemelex Xobeh
Okawaru
Qazlal
Ru
Sif Muna
Trog
Uskayaw
Wu Jian
Xom
Yredelemnul
Zin
The Shining One

Shops:
D:9 *

Annotations:
D:5 Edmund
D:13 vaults, 8h, Nessos
Lair:2 exclusion: 2 oklob plants
Lair:3 shoals (NW), Gastronok
Lair:4 8h
Lair:5 ant nest?
Lair:6 avatar ending


Innate Abilities, Weirdness & Mutations

You are too large for most types of armour.
You have claws for hands.
Your metabolism is lightning-fast.
You like to eat raw meat.
Your natural rate of healing is unusually fast.
You are covered in fur. (AC +1)
You have very tough skin. (AC +2)
You have large cloven feet.
You are partially covered in molten scales. (AC +2)
Scrolls take you a little longer to read.
You possess an exceptional clarity of mind.
Armour fits poorly on your strangely shaped body.
You are weak. (Str -2)
Your spells are a little harder to cast, but a little more powerful.


Message History

The boggart hits you but does no damage.
The boggart misses you.
The boggart gestures wildly while chanting.
The boggart flickers and vanishes for a moment.
The ogre barely misses you.
There is a stone staircase leading up, spattered with blood here.
Unknown command.
Unknown command.
You claw the boggart! You kick the boggart.
The boggart is heavily wounded.
You feel yourself speed up. You block the boggart's attack.
You block the slime creature's attack.
The crimson imp grinds its teeth.
The boggart misses you. The ogre hits you with a giant club!!
* * * LOW HITPOINT WARNING * * *
Unknown command.
You scratch the boggart.
The boggart is severely wounded.
You feel sick.
The crimson imp blinks!
The slime creature hits you!
You die...

#.....g{g....# #..........
#............###.......... .
#...(###...........$......
.#####...(# #..................
..........###........>...........
...........(()(..................
................5.......(......#
...............O.<.(.(..# #....#
...........§.5.J@.<.....# #....#
......####''####g.......###....#
.....##........##..............##
....##..........##...............
...##.....≈≈.....##..............
.###......≈≈......##.............
.##.......≈≈.......##............
#.......§§§........#............
#.......≈≈≈≈.......#............


You could see a slime creature, an ogre, a boggart (invisible) and 2 crimson
imps.

Vanquished Creatures
  A vault guard (D:13)
  A centaur warrior (D:14)
  5 two-headed ogres
  4 tengu warriors
  5 ugly things
  A wolf spider (Lair:1)
  A cyclops (D:13)
  2 black mambas
  4 gargoyles
  2 spiny frogs (Lair:2)
  3 komodo dragons
  A centaur skeleton (D:8)
  2 trolls
  A merfolk (D:9)
  A hornet (D:13)
  3 hippogriffs
  5 blink frogs (Lair:1)
  6 slime creatures
  A redback (Lair:4)
  A fire elemental (D:14)
  A wyvern (Lair:3)
  10 yaks
  A basilisk (Lair:1)
  An acid dragon (D:11)
  4 water moccasins
  2 hell hounds (D:8)
  6 porcupines
  2 orc warriors
  A hornet zombie (D:9)
  2 sky beasts
  A phantom (D:13)
  An eye of draining (D:14)
  3 boggarts
  4 ogres
  7 centaurs
  5 crocodiles
  An elf zombie (Ossuary)
  13 bullfrogs
  A wyvern zombie (D:12)
  2 scorpions
  A water moccasin skeleton (D:5)
  2 wyvern skeletons
  A howler monkey (D:4)
  4 wights (D:11)
  A lava snake (D:14)
  2 bullfrog zombies
  3 crimson imps (D:12)
  2 centaur zombies
  A quasit (D:11)
  8 hounds
  2 jellies
  6 orc priests
  A bullfrog skeleton (D:13)
  An iguana (D:11)
  8 worker ants
  10 orc wizards
  2 big kobold zombies (Ossuary)
  A hound skeleton (D:9)
  2 mummies (Ossuary)
  4 gnolls (D:3)
  A howler monkey skeleton (D:7)
  19 adders
  2 shadow imps
  2 adder zombies (Ossuary)
  31 orcs
  A giant cockroach (D:2)
  A goblin (D:1)
  2 hobgoblins
  4 jackals (D:2)
  A quokka (D:4)
  A ball python (D:5)
  A ball python zombie (D:5)
  4 bats (D:2)
  2 frilled lizards
  A goblin zombie (Ossuary)
  8 hobgoblin zombies (Ossuary)
  2 jackal zombies (Ossuary)
  7 kobold zombies (Ossuary)
  10 orc zombies (Ossuary)
  A quokka zombie (D:7)
  3 rat zombies
284 creatures vanquished.

Vanquished Creatures (others)
  A bullfrog (D:14)
  7 fungi
  30 plants
38 creatures vanquished.

Grand Total: 322 creatures vanquished

Notes
Turn   | Place    | Note
-------+----------+-------------------------------------------
     0 | D:1      | Leszczynek the Troll Skald began the quest for the Orb.
     0 | D:1      | Reached XP level 1. HP: 19/19 MP: 1/1
   302 | D:2      | Reached XP level 2. HP: 27/27 MP: 2/2
   349 | D:2      | Learned a level 2 spell: Shroud of Golubria
   366 | D:2      | Reached skill level 3 in Unarmed Combat
   436 | D:2      | Reached XP level 3. HP: 33/33 MP: 0/3
   580 | D:3      | Reached skill level 4 in Unarmed Combat
   631 | D:3      | Reached XP level 4. HP: 20/41 MP: 4/4
   722 | D:4      | Reached skill level 5 in Unarmed Combat
   722 | D:4      | Reached XP level 5. HP: 48/48 MP: 5/5
   761 | D:5      | Entered Level 5 of the Dungeon
   763 | D:5      | Noticed Edmund
   787 | D:5      | Reached skill level 6 in Unarmed Combat
   796 | D:5      | Reached XP level 6. HP: 39/55 MP: 6/6
   973 | D:6      | Reached skill level 7 in Unarmed Combat
  1194 | D:7      | Reached skill level 2 in Fighting
  1231 | D:7      | Reached XP level 7. HP: 65/65 MP: 7/7
  1371 | D:7      | Found a staircase to the Ecumenical Temple.
  1392 | Temple   | Entered the Ecumenical Temple
  1435 | Temple   | Became a worshipper of the Shining One
  1667 | D:7      | Found a sand-covered staircase.
  1674 | Ossuary  | Entered an ossuary
  1701 | Ossuary  | Reached * piety under the Shining One
  1737 | Ossuary  | Reached ** piety under the Shining One
  1798 | Ossuary  | Reached skill level 8 in Unarmed Combat
  1809 | Ossuary  | Reached *** piety under the Shining One
  1835 | Ossuary  | Reached skill level 3 in Fighting
  1855 | Ossuary  | and 3* from one portal
  1855 | Ossuary  | noice
  1911 | Ossuary  | the loot is bad, but at least i have piety
  1971 | D:7      | Reached XP level 8. HP: 60/75 MP: 8/8
  2057 | D:8      | Reached skill level 9 in Unarmed Combat
  2069 | D:8      | Reached skill level 4 in Fighting
  2069 | D:8      | Reached skill level 2 in Dodging
  2159 | D:8      | Found a staircase to the Lair.
  2170 | D:8      | Reached skill level 1 in Invocations
  2202 | D:9      | Reached skill level 2 in Invocations
  2247 | D:9      | Noticed a merfolk
  2254 | D:9      | Killed a merfolk
  2254 | D:9      | Reached skill level 3 in Invocations
  2296 | D:9      | Reached skill level 3 in Dodging
  2325 | D:9      | Reached XP level 9. HP: 86/87 MP: 10/10
  2344 | D:9      | Found a staircase to the Orcish Mines.
  2352 | D:9      | Learned a level 2 spell: Song of Slaying
  2389 | D:9      | Noticed a troll
  2395 | D:9      | Killed a troll
  2395 | D:9      | Reached skill level 5 in Fighting
  2395 | D:9      | Reached skill level 4 in Invocations
  2445 | D:10     | Entered Level 10 of the Dungeon
  2522 | D:10     | Reached **** piety under the Shining One
  2542 | D:10     | Noticed a two-headed ogre
  2550 | D:10     | Killed a two-headed ogre
  2550 | D:10     | Reached skill level 4 in Dodging
  2550 | D:10     | Reached skill level 5 in Invocations
  2823 | D:11     | Noticed a red ugly thing
  2825 | D:11     | Reached skill level 6 in Fighting
  2840 | D:11     | Killed a red ugly thing
  2840 | D:11     | Reached skill level 10 in Unarmed Combat
  2840 | D:11     | Reached XP level 10. HP: 20/98 MP: 13/13
  2956 | D:11     | Learned a level 2 spell: Blink
  3088 | D:12     | Noticed a gargoyle
  3100 | D:12     | Killed a gargoyle
  3102 | D:12     | Noticed a gargoyle
  3117 | D:12     | Killed a gargoyle
  3117 | D:12     | Reached skill level 5 in Dodging
  3194 | D:13     | Noticed a two-headed ogre
  3203 | D:13     | Killed a two-headed ogre
  3223 | D:13     | Found a flickering gateway to a bazaar.
  3309 | D:13     | Reached skill level 11 in Unarmed Combat
  3372 | D:13     | Noticed a cyclops
  3412 | D:13     | Killed a cyclops
  3430 | D:13     | Reached skill level 7 in Fighting
  3447 | D:13     | Noticed Nessos
  3473 | D:13     | Noticed a tengu warrior
  3519 | D:13     | Noticed a two-headed ogre
  3671 | Bazaar   | Entered a bazaar
  3685 | Bazaar   | Found Piapnosm's Magic Scroll Shoppe.
  3704 | Bazaar   | Found Jonness's Antique Armour Shoppe.
  3721 | Bazaar   | Found Woupeipn's Armour Shoppe.
  3721 | Bazaar   | Found Deczennol's Book Emporium.
  3725 | Bazaar   | statue book for 440 gold BUT I DON'T EVEN HAVE IT
  3725 | Bazaar   | great
  3772 | Bazaar   | Bought a scroll of remove curse for 33 gold pieces
  3772 | Bazaar   | Bought a scroll of identify for 22 gold pieces
  3772 | Bazaar   | Bought a scroll of teleportation for 33 gold pieces
  3772 | Bazaar   | Bought a scroll of teleportation for 33 gold pieces
  3840 | D:13     | Reached XP level 11. HP: 101/109 MP: 14/14
  3877 | D:13     | Killed a two-headed ogre
  3877 | D:13     | Reached skill level 6 in Dodging
  3907 | D:13     | Noticed a vault guard
  3922 | D:13     | Killed a vault guard
  3922 | D:13     | Reached skill level 12 in Unarmed Combat
  3936 | D:13     | Noticed a red ugly thing
  3947 | D:13     | Killed a red ugly thing
  3988 | D:13     | Gained mutation: Your spells are a little harder to cast, but a little more powerful. [mutagenic meat]
  3989 | D:13     | Gained mutation: Scrolls take you a little longer to read. [mutagenic meat]
  3990 | D:13     | so, two bad muts
  3990 | D:13     | ok
  4016 | D:14     | Noticed a centaur warrior
  4036 | D:14     | Killed a centaur warrior
  4156 | D:14     | Reached skill level 8 in Fighting
  4213 | D:14     | Noticed a tengu warrior
  4225 | D:14     | Noticed a tengu warrior
  4230 | D:13     | Killed a tengu warrior
  4230 | D:13     | Reached skill level 13 in Unarmed Combat
  4239 | D:14     | Noticed a green ugly thing
  4239 | D:14     | Noticed a green ugly thing
  4239 | D:14     | Noticed a green ugly thing
  4239 | D:14     | Noticed a green ugly thing
  4242 | D:13     | Reached skill level 6 in Invocations
  4251 | D:13     | Killed a tengu warrior
  4268 | D:14     | Noticed a white ugly thing
  4274 | D:14     | Noticed a white ugly thing
  4275 | D:14     | Killed a white ugly thing
  4276 | D:14     | Noticed a white ugly thing
  4285 | D:13     | Killed a cyan ugly thing
  4297 | D:14     | Killed a cyan ugly thing
  4306 | D:14     | Gained mutation: You are weak. (Str -2) [mutagenic meat]
  4307 | D:14     | Gained mutation: You possess an exceptional clarity of mind. [mutagenic meat]
  4315 | D:14     | Noticed a catoblepas
  4317 | D:13     | Gained mutation: You are partially covered in molten scales. (AC +2) [mutagenic meat]
  4318 | D:13     | Gained mutation: You have large cloven feet. [mutagenic meat]
  4319 | D:13     | Gained mutation: Armour fits poorly on your strangely shaped body. [mutagenic meat]
  4336 | D:13     | Noticed an eight-headed hydra
  4395 | D:13     | HP: 17/113 [eight-headed hydra (7)]
  4395 | D:13     | HP: 5/113 [eight-headed hydra (12)]
  4427 | D:13     | HP: 15/113 [eight-headed hydra (9)]
  4427 | D:13     | HP: 6/113 [eight-headed hydra (9)]
  4432 | D:13     | HP: 14/113 [vampire mosquito (8)]
  4446 | D:13     | HP: 18/113 [vampire mosquito (6)]
  4461 | D:13     | HP: 18/113 [vampire mosquito (11)]
  4555 | D:13     | Noticed a tengu warrior
  4570 | D:13     | Killed a tengu warrior
  4583 | D:12     | Killed a tengu warrior
  4583 | D:12     | Reached XP level 12. HP: 90/122 MP: 15/15
  4654 | D:11     | Noticed a two-headed ogre
  4656 | D:11     | Reached skill level 9 in Fighting
  4669 | D:11     | Killed a two-headed ogre
  4750 | D:10     | Noticed a two-headed ogre
  4758 | D:10     | Killed a two-headed ogre
  4758 | D:10     | Reached skill level 7 in Dodging
  4830 | Orc:1    | Entered Level 1 of the Orcish Mines
  4880 | Orc:1    | Noticed an ettin
  4984 | D:9      | Found Itwosm's Incredible Inventory.
  5011 | D:9      | Bought a scroll of identify for 28 gold pieces
  5129 | D:8      | Reached skill level 7 in Invocations
  5180 | Lair:1   | Entered Level 1 of the Lair of Beasts
  5286 | Lair:2   | Reached skill level 1 in Throwing
  5422 | Lair:2   | Reached skill level 2 in Throwing
  5484 | Lair:2   | Reached skill level 3 in Throwing
  5517 | Lair:2   | Reached skill level 4 in Throwing
  5632 | Lair:2   | Reached ***** piety under the Shining One
  5640 | Lair:2   | Reached skill level 5 in Throwing
  5695 | Lair:3   | Found a glowing golden altar of the Shining One.
  5700 | Lair:3   | Noticed Gastronok
  5861 | Lair:3   | Reached skill level 1 in Shields
  5972 | Lair:3   | Got a silken robe
  5975 | Lair:3   | Identified the +2 robe "Iwuigicid" {*Drain +Blink rElec rN+} (You found it on level 3 of the Lair of Beasts)
  5975 | Lair:3   | hm
  6036 | Lair:3   | Reached skill level 2 in Shields
  6101 | Lair:4   | Found a hole to the Spider Nest.
  6143 | Lair:6   | Entered Level 6 of the Lair of Beasts
  6147 | Lair:6   | well, nope
  6189 | Lair:5   | and this looks like ant nest too
  6310 | Lair:4   | Noticed an eight-headed hydra
  6493 | Lair:1   | Reached skill level 3 in Shields
  6628 | Lair:1   | Reached skill level 4 in Shields
  7029 | D:13     | Reached skill level 6 in Throwing
  7029 | D:13     | Paralysed by a hornet for 1 turns
  7039 | D:14     | HP: 5/124 [ogre/giant club[a boggart] (26)]
  7040 | D:14     | Mangled by a slime creature

Vault maps used:
D:1:      dpeg_arrival_signposts, serial_forest, infiniplex_forest_lined_room_3,
          infiniplex_forest_clump_small, infiniplex_forest_clump_long,
          infiniplex_forest_clump_large, infiniplex_forest_join,
          infiniplex_forest_lined_3_way, infiniplex_forest_lined_1,
          infiniplex_forest_clump_small
D:2:      st_stairs_12, minmay_misc_feat_iff
D:3:      first_bread, chequers_ecumenical_altar_twisty,
          kennysheep_decorative_pillar, corner_web_ring, uniq_terence
D:4:      kennysheep_windowed_goal
D:5:      lemuel_crystal_altar, trog_hazing_becter, uniq_edmund
D:6:      serial_bayou, serial_bayou_pond_d, serial_bayou_pond_c,
          serial_bayou_pond_a, serial_bayou_pond_e, serial_bayou_shore_b
D:7:      minmay_temple_entry_trees, enter_ossuary_4
D:8:      minmay_lair_entry_lava
D:9:      david_orc_3, hangedman_fish_farm, minivault_14, nicolae_alphabet_shops
D:12:     hangedman_decor_clover_reticule, uniq_nergalle
D:13:     david_vaults_5, serial_shops, bzr_in_the_mist,
          kennysheep_generic_room_12, uniq_nessos
D:14:     kennysheep_small_spiral, kennysheep_cross_room
Temple:   kilobyte_greek_temple
Lair:1:   minmay_lair_venomous_thicket
Lair:2:   minmay_lair_oklob_chamber
Lair:3:   minmay_shoals_entry_hut, basic_altar, lemuel_old_faithful,
          grunt_megastairs_3, uniq_gastronok
Lair:4:   spider_nest_entry_a, infiniplex_staircase_pool_2, lemuel_fruit_tree
Lair:5:   regret_index_combs_of_tragedy
Lair:6:   gammafunk_lair_ancient_temple, dpeg_slime_entry_enclosed_altar,
          ice2_lemuel
Orc:1:    david_defended_altar_orc
Bazaar:   bazaar_short_row
Ossuary:  ossuary_tomb_1

Skill      XL: |  1  2  3  4  5  6  7  8  9 10 11 12 |
---------------+-------------------------------------+-----
Unarmed Combat | 3 4 5 6 7 8 9 10 11 13 | 13.0
Fighting       | 2 3 4 6 7 8 9 |  9.4
Dodging        | 3 4 5 6 7 |  7.0
Invocations    | 3 5 6 7 |  7.0
Throwing       | 6 |  6.0
Shields        | 4 |  4.3
Spellcasting   | |  1.2
Charms         | |  2.0

Action                   |  1- 3 |  4- 6 |  7- 9 | 10-12 || total
-------------------------+-------+-------+-------+-------++-------
Melee: Unarmed           |    80 |    91 |   216 |   506 ||   893
       Punch             |       |     5 |     6 |    23 ||    34
       Dire flail        |       |       |       |     7 ||     7
       Kick              |       |       |       |    70 ||    70
Throw: Javelin           |       |       |     6 |     4 ||    10
       Large rock        |       |       |       |     3 ||     3
 Cast: Shroud of Golubri |     3 |     4 |     2 |     5 ||    14
Invok: Divine Shield     |       |       |     3 |    10 ||    13
       Cleansing Flame   |       |       |       |     1 ||     1
Evoke: Wand              |       |       |     3 |     5 ||     8
  Use: Scroll            |       |     4 |     8 |    20 ||    32
       Potion            |       |       |       |     4 ||     4
  Eat: Chunk             |    11 |     7 |    15 |    47 ||    80
Armor: Robe              |    37 |    27 |    53 |       ||   117
       Troll leather arm |       |       |    25 |   168 ||   193
Dodge: Dodged            |    39 |    22 |    83 |   241 ||   385
Block: Other             |       |       |       |    63 ||    63
       Shield            |       |       |       |    22 ||    22

Table legend:
 A = Spawn XP
 B = Non-spawn XP
 C = Spawn XP percentage of total XP
 D = Spawn monster count
 E = Non-spawn monster count
 F = Spawn count percentage of total count
 G = Total turns spent on level
                    A         B        C        D         E        F      G
               +---------+---------+-------+---------+---------+-------+---------
         Total |    1096 |   35120 |   3.0 |       7 |     277 |   2.5 |  7040
               +---------+---------+-------+---------+---------+-------+---------
           D:1 |       2 |       3 |  40.0 |       1 |       2 |  33.3 |   253
           D:2 |       0 |      58 |   0.0 |       0 |      13 |   0.0 |   260
           D:3 |       0 |      56 |   0.0 |       0 |       5 |   0.0 |   177
           D:4 |       0 |     179 |   0.0 |       0 |       5 |   0.0 |    89
           D:5 |       0 |     194 |   0.0 |       0 |      11 |   0.0 |   176
           D:6 |       0 |     162 |   0.0 |       0 |       5 |   0.0 |   202
           D:7 |       0 |     543 |   0.0 |       0 |      13 |   0.0 |   484
           D:8 |       0 |     867 |   0.0 |       0 |      10 |   0.0 |   290
           D:9 |      93 |    1301 |   6.7 |       1 |      15 |   6.2 |   515
          D:10 |       0 |    2078 |   0.0 |       0 |       8 |   0.0 |   257
          D:11 |      88 |    3573 |   2.4 |       1 |      30 |   3.2 |   491
          D:12 |       0 |    2164 |   0.0 |       0 |      10 |   0.0 |   425
          D:13 |     152 |   10752 |   1.4 |       2 |      36 |   5.3 |   957
          D:14 |       0 |    4096 |   0.0 |       0 |      16 |   0.0 |   276
        Lair:1 |       0 |    2989 |   0.0 |       0 |      21 |   0.0 |   366
        Lair:2 |     389 |    3885 |   9.1 |       1 |      20 |   4.8 |   481
        Lair:3 |     372 |    1149 |  24.5 |       1 |       7 |  12.5 |   454
        Lair:4 |       0 |     519 |   0.0 |       0 |       3 |   0.0 |   177
         Orc:1 |       0 |     283 |   0.0 |       0 |       9 |   0.0 |   151
       Ossuary |       0 |     269 |   0.0 |       0 |      38 |   0.0 |   256
               +---------+---------+-------+---------+---------+-------+---------
